Senators vs Jets

Created - February 18, 2024 at 23:32

Goals
1 2 3 T
Senators 0 0 0 0
Jets 0 1 1 2
Shots
1 2 3 T
Senators 1 3 7 11
Jets 10 8 9 27

GoalsPenalties
1st period
No Goal
Noah Hanifin (OTT) for Slashing (Minor) at 2:26
Connor Clifton (OTT) for Cross-checking (Minor) at 2:29
Oskar Sundqvist (WPG) for Holding (Minor) at 8:22
Scott Laughton (OTT) for High sticking (Minor) at 8:22
2nd period
1. Jets , Gustav Nyquist 14 (Garnet Hathaway 6, Andreas Athanasiou 21) at 11:51
Tomas Tatar (OTT) for Roughing (Minor) at 2:17
Nate Schmidt (WPG) for Cross-checking (Minor) at 6:41
3rd period
2. Jets , Oliver Bjorkstrand 17 (Torey Krug 24, Nick Schmaltz 29) at 16:18
Oliver Bjorkstrand (WPG) for Roughing (Minor) at 1:11
Goalie Stats
Semyon Varlamov (OTT), 25 saves from 27 shots - (0.926), L, 17-8-2, 60:00 minutes
Darcy Kuemper (WPG), 11 saves from 11 shots - (1.000), W, 23-9-6, 60:00 minutes
3 StarsOfficial
1 - Garnet Hathaway (WPG)
2 - Gustav Nyquist (WPG)
3 - Darcy Kuemper (WPG)
Referees : Francois St-Laurent and Sean MacFarlane
Linesman : Kelsey Mahoney and Luke Galvin
Game Note
No Game Note
Finance
Level 1 -- Attendance: 4354 (72.57%) -- Ticket Income $587,790
Level 2 -- Attendance: 2751 (55.02%) -- Ticket Income $343,875
Level 3 -- Attendance: 1451 (65.95%) -- Ticket Income $174,120
Level 4 -- Attendance: 852 (83.86%) -- Ticket Income $97,980
Luxury Box -- Attendance: 556 (69.50%) -- Ticket Income $194,600
Game was played at the Canada Life Center.
Total Attendance: 9964 (66.36%)
Total Ticket Income: $1,398,365
Other Income: $349,591
Total Income: $1,747,956



Team Name Goals Shots Shots Attemp Shots Blocked PIM HIT PP PK FO%
Senators 0112678160 / 2 (0%)040%
Jets 2275676280 / 3 (0%)060%

Senators
Player Name POS G A P +/- PIM HIT SHT SB MP PP MP PP SHT PK MP PK SHT FO% FOT
Adam LowryC000-2010013:190:0001:11050% 2
Andrew CoppC000-2000015:372:3000:37027% 15
Anthony CirelliC0000021016:050:1001:28050% 2
Brock McGinnLW0000010112:290:0000:0000% 1
Christian DvorakC0000001014:270:0000:00050% 16
Connor CliftonD0000220118:360:0001:0800% 0
Erik JohnsonD000-1000118:230:0001:1900% 0
Jake WalmanD0000000019:042:1100:0500% 0
Joel Eriksson EkC0000002014:031:2800:00043% 14
K'Andre MillerD000-1041121:062:1102:3100% 0
Luke GlendeningC0000002115:190:0002:50038% 21
Matty BeniersC000-2001013:581:2800:000100% 1
Nikita KucherovRW0000000014:031:2800:0000% 0
Noah HanifinD000-1220120:511:4700:5600% 0
Pius SuterC0000001012:290:0000:0000% 2
Rasmus AnderssonD000-1010121:581:4702:0200% 0
Scott LaughtonC0000230014:542:2000:0000% 1
Tomas TatarLW0000202015:192:3000:000100% 2
Jets
Player Name POS G A P +/- PIM HIT SHT SB MP PP MP PP SHT PK MP PK SHT FO% FOT
Andre BurakovskyLW0001041019:582:0500:1500% 1
Andreas AthanasiouC0111003016:051:5610:470100% 2
Connor MurphyD0000010022:280:0001:2300% 0
David GustafssonC000000009:400:0000:0000% 1
Ethan BearD0000020012:120:0001:3300% 0
Garnet HathawayRW0111061015:130:0001:510100% 1
Gustav NyquistC1011015018:461:5602:56154% 24
Hampus LindholmD0002041224:141:5911:5800% 0
Jake BeanD0000001123:072:0210:0000% 0
Joe VelenoC000001009:400:0000:00070% 10
Kieffer BellowsLW000002109:400:0000:0000% 0
Mark JankowskiC0000032010:410:0000:47045% 11
Nate SchmidtD0000211113:422:0211:0200% 0
Nick SchmaltzC0111021121:582:0501:20067% 24
Oliver BjorkstrandRW1011215120:372:0500:00050% 2
Oskar SundqvistC000020009:530:0000:0000% 0
Thomas NovakC0000004011:501:5610:000100% 1
Torey KrugD0112001124:161:5912:0000% 0



Play-by-Play

1st period


0:01 of 1st period - Nick Schmaltz wins face-off versus Andrew Copp in neutral zone.
0:39 of 1st period - Off-side.
0:40 of 1st period - Gustav Nyquist wins face-off versus Joel Eriksson Ek in neutral zone.
0:43 of 1st period - Joel Eriksson Ek is hit by Garnet Hathaway and loses puck.
1:33 of 1st period - Off-side.
1:34 of 1st period - Luke Glendening wins face-off versus Mark Jankowski in neutral zone.
1:53 of 1st period - Shot by Mark Jankowski.
1:53 of 1st period - Deflect By Oskar Sundqvist.
1:53 of 1st period - Shot Misses the Net.
2:03 of 1st period - Shot by Thomas Novak.
2:03 of 1st period - Stopped by Semyon Varlamov with a rebound.
2:05 of 1st period - Shot by Mark Jankowski.
2:05 of 1st period - Stopped by Semyon Varlamov without a rebound.
2:06 of 1st period - Joe Veleno wins face-off versus Christian Dvorak in Senators zone.
2:12 of 1st period - Kieffer Bellows is hit by Rasmus Andersson.
2:26 of 1st period - Minor Penalty to Noah Hanifin for Slashing.
2:27 of 1st period - Nick Schmaltz wins face-off versus Luke Glendening in Senators zone.
2:28 of 1st period - Shot by Nate Schmidt.
2:28 of 1st period - Shot Blocked by Luke Glendening.
2:29 of 1st period - Minor Penalty to Connor Clifton for Cross-checking.
2:30 of 1st period - Thomas Novak wins face-off versus Luke Glendening in Senators zone.
2:35 of 1st period - Shot by Andreas Athanasiou.
2:35 of 1st period - Stopped by Semyon Varlamov without a rebound.
2:36 of 1st period - Nick Schmaltz wins face-off versus Luke Glendening in Senators zone.
2:43 of 1st period - Shot by Oliver Bjorkstrand.
2:43 of 1st period - Shot Blocked by Rasmus Andersson.
3:33 of 1st period - Shot by Jake Bean.
3:33 of 1st period - Shot Blocked by Erik Johnson.
3:35 of 1st period - Shot by Gustav Nyquist.
3:35 of 1st period - Deflect By Thomas Novak.
3:35 of 1st period - Stopped by Semyon Varlamov without a rebound.
3:36 of 1st period - Andreas Athanasiou wins face-off versus Adam Lowry in Senators zone.
3:39 of 1st period - Shot by Thomas Novak.
3:39 of 1st period - Shot Misses the Net.
3:49 of 1st period - Rasmus Andersson is hit by Gustav Nyquist and loses puck.
4:12 of 1st period - Shot by Jake Bean.
4:12 of 1st period - Shot Blocked by K'Andre Miller.
4:18 of 1st period - Shot by Thomas Novak.
4:18 of 1st period - Shot Misses the Net.
4:20 of 1st period - Shot by Nate Schmidt.
4:20 of 1st period - Stopped by Semyon Varlamov without a rebound.
4:21 of 1st period - Adam Lowry wins face-off versus Nick Schmaltz in Senators zone.
5:26 of 1st period - Shot by Jake Bean.
5:26 of 1st period - Shot Misses the Net.
5:38 of 1st period - Andre Burakovsky is hit by Adam Lowry.
6:27 of 1st period - Icing by Oliver Bjorkstrand.
6:28 of 1st period - Nick Schmaltz wins face-off versus Joel Eriksson Ek in Jets zone.
6:49 of 1st period - Shot by Andreas Athanasiou.
6:49 of 1st period - Stopped by Semyon Varlamov without a rebound.
6:50 of 1st period - Luke Glendening wins face-off versus Mark Jankowski in Senators zone.
6:58 of 1st period - Off-side.
6:59 of 1st period - Luke Glendening wins face-off versus Gustav Nyquist in neutral zone.
7:31 of 1st period - Shot by Connor Clifton.
7:31 of 1st period - Shot Blocked by Hampus Lindholm.
7:36 of 1st period - Brock McGinn is hit by Hampus Lindholm and loses puck.
8:02 of 1st period - Joel Eriksson Ek is hit by Nate Schmidt and loses puck.
8:11 of 1st period - Shot by Nikita Kucherov.
8:11 of 1st period - Deflect By Joel Eriksson Ek.
8:11 of 1st period - Shot Misses the Net.
8:22 of 1st period - Minor Penalty to Oskar Sundqvist for Holding.
8:22 of 1st period - Minor Penalty to Scott Laughton for High sticking.
8:23 of 1st period - Christian Dvorak wins face-off versus Nick Schmaltz in neutral zone.
8:54 of 1st period - Shot by Christian Dvorak.
8:54 of 1st period - Stopped by Darcy Kuemper without a rebound.
8:55 of 1st period - Andrew Copp wins face-off versus Gustav Nyquist in Jets zone.
9:02 of 1st period - Andrew Copp is hit by Andre Burakovsky and loses puck.
9:10 of 1st period - Icing by K'Andre Miller.
9:11 of 1st period - Nick Schmaltz wins face-off versus Andrew Copp in Senators zone.
9:12 of 1st period - Shot by Oliver Bjorkstrand.
9:12 of 1st period - Stopped by Semyon Varlamov without a rebound.
9:13 of 1st period - Anthony Cirelli wins face-off versus Nick Schmaltz in Senators zone.
9:15 of 1st period - Icing by Christian Dvorak.
9:16 of 1st period - Nick Schmaltz wins face-off versus Christian Dvorak in Senators zone.
9:41 of 1st period - Shot by Nick Schmaltz.
9:41 of 1st period - Shot Misses the Net.
10:08 of 1st period - Icing by Anthony Cirelli.
10:09 of 1st period - Christian Dvorak wins face-off versus Gustav Nyquist in Senators zone.
10:09 of 1st period - Christian Dvorak is hit by Andre Burakovsky.
10:20 of 1st period - Icing by Jake Bean.
10:21 of 1st period - Gustav Nyquist wins face-off versus Andrew Copp in Jets zone.
10:21 of 1st period - Gustav Nyquist is hit by K'Andre Miller.
11:19 of 1st period - Shot by Nick Schmaltz.
11:19 of 1st period - Shot Blocked by Brock McGinn.
12:15 of 1st period - Shot by Garnet Hathaway.
12:15 of 1st period - Shot Misses the Net.
12:30 of 1st period - Garnet Hathaway is hit by Noah Hanifin and loses puck.
12:40 of 1st period - Off-side.
12:41 of 1st period - Andrew Copp wins face-off versus David Gustafsson in neutral zone.
13:10 of 1st period - Shot by Kieffer Bellows.
13:10 of 1st period - Stopped by Semyon Varlamov without a rebound.
13:11 of 1st period - Christian Dvorak wins face-off versus Nick Schmaltz in Senators zone.
13:11 of 1st period - Anthony Cirelli is hit by Nick Schmaltz and loses puck.
13:17 of 1st period - Rasmus Andersson is hit by Andre Burakovsky and loses puck.
13:23 of 1st period - Rasmus Andersson is hit by Hampus Lindholm and loses puck.
13:29 of 1st period - Anthony Cirelli is hit by Hampus Lindholm and loses puck.
13:47 of 1st period - Icing by Noah Hanifin.
13:48 of 1st period - Gustav Nyquist wins face-off versus Christian Dvorak in Senators zone.
14:25 of 1st period - Shot by Garnet Hathaway.
14:25 of 1st period - Stopped by Semyon Varlamov without a rebound.
14:26 of 1st period - Nick Schmaltz wins face-off versus Andrew Copp in Senators zone.
14:26 of 1st period - Nick Schmaltz is hit by K'Andre Miller.
15:26 of 1st period - Icing by Jake Walman.
15:27 of 1st period - Joel Eriksson Ek wins face-off versus Mark Jankowski in Senators zone.
15:27 of 1st period - Joel Eriksson Ek is hit by Mark Jankowski.
17:29 of 1st period - Icing by K'Andre Miller.
17:30 of 1st period - Andrew Copp wins face-off versus Nick Schmaltz in Senators zone.
17:41 of 1st period - Shot by Nick Schmaltz.
17:41 of 1st period - Shot Misses the Net.
17:43 of 1st period - Shot by Oliver Bjorkstrand.
17:43 of 1st period - Stopped by Semyon Varlamov without a rebound.
17:44 of 1st period - Joe Veleno wins face-off versus Joel Eriksson Ek in Senators zone.
17:44 of 1st period - Joe Veleno is hit by Connor Clifton.
Goals for this period are 0 for Senators vs 0 for Jets.
Shots for this period are 1 for Senators vs 10 for Jets.

2nd period


0:01 of 2nd period - Joe Veleno wins face-off versus Brock McGinn in neutral zone.
0:17 of 2nd period - Kieffer Bellows is hit by Noah Hanifin and loses puck.
0:32 of 2nd period - Shot by Joe Veleno.
0:32 of 2nd period - Shot Misses the Net.
0:47 of 2nd period - Icing by Noah Hanifin.
0:48 of 2nd period - Nick Schmaltz wins face-off versus Luke Glendening in Senators zone.
1:46 of 2nd period - Shot by Joel Eriksson Ek.
1:46 of 2nd period - Stopped by Darcy Kuemper without a rebound.
1:47 of 2nd period - Christian Dvorak wins face-off versus Gustav Nyquist in Jets zone.
1:48 of 2nd period - Shot by Jake Walman.
1:48 of 2nd period - Shot Blocked by Hampus Lindholm.
1:54 of 2nd period - Anthony Cirelli is hit by Garnet Hathaway.
2:17 of 2nd period - Minor Penalty to Tomas Tatar for Roughing.
2:18 of 2nd period - Gustav Nyquist wins face-off versus Luke Glendening in Senators zone.
2:31 of 2nd period - Shot by Jake Bean.
2:31 of 2nd period - Stopped by Semyon Varlamov without a rebound.
2:32 of 2nd period - Luke Glendening wins face-off versus Oliver Bjorkstrand in Senators zone.
2:43 of 2nd period - Shot by Hampus Lindholm.
2:43 of 2nd period - Shot Misses the Net.
2:45 of 2nd period - Shot by Hampus Lindholm.
2:45 of 2nd period - Stopped by Semyon Varlamov without a rebound.
2:46 of 2nd period - Andreas Athanasiou wins face-off versus Luke Glendening in Senators zone.
2:49 of 2nd period - Shot by Gustav Nyquist.
2:49 of 2nd period - Shot Misses the Net.
3:15 of 2nd period - Shot by Torey Krug.
3:15 of 2nd period - Stopped by Semyon Varlamov without a rebound.
3:16 of 2nd period - Luke Glendening wins face-off versus Andre Burakovsky in Senators zone.
3:16 of 2nd period - Luke Glendening is hit by Oliver Bjorkstrand.
5:44 of 2nd period - Shot by Joel Eriksson Ek.
5:44 of 2nd period - Stopped by Darcy Kuemper with a rebound.
5:46 of 2nd period - Shot by Joel Eriksson Ek.
5:46 of 2nd period - Shot Blocked by Jake Bean.
5:48 of 2nd period - Shot by Joel Eriksson Ek.
5:48 of 2nd period - Shot Misses the Net.
6:27 of 2nd period - Icing by Pius Suter.
6:28 of 2nd period - Nick Schmaltz wins face-off versus Luke Glendening in Senators zone.
6:33 of 2nd period - Shot by Oliver Bjorkstrand.
6:33 of 2nd period - Shot Misses the Net.
6:40 of 2nd period - Connor Clifton is hit by Ethan Bear and loses puck.
6:41 of 2nd period - Minor Penalty to Nate Schmidt for Cross-checking.
6:42 of 2nd period - Gustav Nyquist wins face-off versus Andrew Copp in Jets zone.
6:42 of 2nd period - Gustav Nyquist is hit by Scott Laughton.
8:12 of 2nd period - Shot by Joel Eriksson Ek.
8:12 of 2nd period - Shot Misses the Net.
8:48 of 2nd period - Shot by Luke Glendening.
8:48 of 2nd period - Shot Misses the Net.
8:50 of 2nd period - Shot by Luke Glendening.
8:50 of 2nd period - Shot Misses the Net.
9:02 of 2nd period - Pius Suter is hit by Kieffer Bellows.
9:20 of 2nd period - Icing by Connor Murphy.
9:21 of 2nd period - Tomas Tatar wins face-off versus Joe Veleno in Jets zone.
10:16 of 2nd period - Andrew Copp is hit by Mark Jankowski and loses puck.
10:33 of 2nd period - Shot by Oskar Sundqvist.
10:33 of 2nd period - Shot Misses the Net.
10:35 of 2nd period - Shot by Mark Jankowski.
10:35 of 2nd period - Stopped by Semyon Varlamov without a rebound.
10:36 of 2nd period - Oliver Bjorkstrand wins face-off versus Joel Eriksson Ek in Senators zone.
10:49 of 2nd period - Shot by Andre Burakovsky.
10:49 of 2nd period - Shot Blocked by Connor Clifton.
11:44 of 2nd period - Andreas Athanasiou is hit by K'Andre Miller and loses puck.
11:49 of 2nd period - Shot by Garnet Hathaway.
11:49 of 2nd period - Shot Misses the Net.
11:51 of 2nd period - Shot by Gustav Nyquist.
11:51 of 2nd period - Goal by Gustav Nyquist - Senators : 0 - Jets : 1.
11:52 of 2nd period - Luke Glendening wins face-off versus Mark Jankowski in neutral zone.
12:38 of 2nd period - Off-side.
12:39 of 2nd period - Gustav Nyquist wins face-off versus Christian Dvorak in neutral zone.
13:14 of 2nd period - Shot by Andreas Athanasiou.
13:14 of 2nd period - Shot Misses the Net.
13:16 of 2nd period - Shot by Garnet Hathaway.
13:16 of 2nd period - Shot Misses the Net.
13:27 of 2nd period - Hampus Lindholm is hit by K'Andre Miller and loses puck.
13:55 of 2nd period - Shot by Andrew Copp.
13:55 of 2nd period - Shot Blocked by Nick Schmaltz.
14:32 of 2nd period - Icing by Ethan Bear.
14:33 of 2nd period - Nick Schmaltz wins face-off versus Luke Glendening in Jets zone.
14:33 of 2nd period - Nick Schmaltz is hit by Brock McGinn.
14:57 of 2nd period - Shot by Mark Jankowski.
14:57 of 2nd period - Deflect By Thomas Novak.
14:57 of 2nd period - Shot Misses the Net.
15:04 of 2nd period - Icing by Rasmus Andersson.
15:05 of 2nd period - Gustav Nyquist wins face-off versus Luke Glendening in Senators zone.
15:08 of 2nd period - Shot by Andreas Athanasiou.
15:08 of 2nd period - Stopped by Semyon Varlamov without a rebound.
15:09 of 2nd period - Gustav Nyquist wins face-off versus Christian Dvorak in Senators zone.
15:41 of 2nd period - Shot by Tomas Tatar.
15:41 of 2nd period - Stopped by Darcy Kuemper with a rebound.
17:28 of 2nd period - Icing by Andrew Copp.
17:29 of 2nd period - Joe Veleno wins face-off versus Andrew Copp in Senators zone.
17:29 of 2nd period - Joe Veleno is hit by Connor Clifton.
18:09 of 2nd period - Shot by Anthony Cirelli.
18:09 of 2nd period - Shot Misses the Net.
18:41 of 2nd period - Shot by Thomas Novak.
18:41 of 2nd period - Stopped by Semyon Varlamov without a rebound.
18:42 of 2nd period - Nick Schmaltz wins face-off versus Luke Glendening in Senators zone.
18:59 of 2nd period - Shot by Nick Schmaltz.
18:59 of 2nd period - Stopped by Semyon Varlamov without a rebound.
19:00 of 2nd period - Joel Eriksson Ek wins face-off versus Gustav Nyquist in Senators zone.
19:00 of 2nd period - Joel Eriksson Ek is hit by Garnet Hathaway.
19:53 of 2nd period - Icing by Connor Murphy.
19:54 of 2nd period - Gustav Nyquist wins face-off versus Luke Glendening in Jets zone.
Goals for this period are 0 for Senators vs 1 for Jets.
Shots for this period are 3 for Senators vs 8 for Jets.

3rd period


0:01 of 3rd period - Nick Schmaltz wins face-off versus Luke Glendening in neutral zone.
0:28 of 3rd period - Shot by Nick Schmaltz.
0:28 of 3rd period - Shot Misses the Net.
0:30 of 3rd period - Shot by Hampus Lindholm.
0:30 of 3rd period - Shot Misses the Net.
0:32 of 3rd period - Shot by Oliver Bjorkstrand.
0:32 of 3rd period - Stopped by Semyon Varlamov without a rebound.
0:33 of 3rd period - Christian Dvorak wins face-off versus Gustav Nyquist in Senators zone.
0:33 of 3rd period - Christian Dvorak is hit by Garnet Hathaway.
0:38 of 3rd period - Christian Dvorak is hit by Connor Murphy and loses puck.
0:54 of 3rd period - Shot by Tomas Tatar.
0:54 of 3rd period - Stopped by Darcy Kuemper without a rebound.
0:55 of 3rd period - Mark Jankowski wins face-off versus Andrew Copp in Jets zone.
1:09 of 3rd period - Icing by Noah Hanifin.
1:10 of 3rd period - Andrew Copp wins face-off versus Nick Schmaltz in Senators zone.
1:10 of 3rd period - Andrew Copp is hit by Nick Schmaltz.
1:11 of 3rd period - Minor Penalty to Oliver Bjorkstrand for Roughing.
1:12 of 3rd period - Gustav Nyquist wins face-off versus Joel Eriksson Ek in Jets zone.
1:29 of 3rd period - Shot by Gustav Nyquist.
1:29 of 3rd period - Stopped by Semyon Varlamov without a rebound.
1:30 of 3rd period - Garnet Hathaway wins face-off versus Andrew Copp in Senators zone.
2:35 of 3rd period - Hampus Lindholm is hit by Scott Laughton and loses puck.
2:58 of 3rd period - Rasmus Andersson is hit by Mark Jankowski and loses puck.
3:48 of 3rd period - Icing by Rasmus Andersson.
3:49 of 3rd period - Joe Veleno wins face-off versus Luke Glendening in Senators zone.
4:51 of 3rd period - Shot by Andreas Athanasiou.
4:51 of 3rd period - Deflect By Gustav Nyquist.
4:51 of 3rd period - Stopped by Semyon Varlamov without a rebound.
4:52 of 3rd period - Joel Eriksson Ek wins face-off versus Nick Schmaltz in Senators zone.
4:52 of 3rd period - Nikita Kucherov is hit by Andre Burakovsky and loses puck.
4:57 of 3rd period - Shot by Andre Burakovsky.
4:57 of 3rd period - Stopped by Semyon Varlamov without a rebound.
4:58 of 3rd period - Nick Schmaltz wins face-off versus Christian Dvorak in Senators zone.
5:05 of 3rd period - Shot by Oliver Bjorkstrand.
5:05 of 3rd period - Stopped by Semyon Varlamov without a rebound.
5:06 of 3rd period - Nick Schmaltz wins face-off versus Joel Eriksson Ek in Senators zone.
6:32 of 3rd period - Shot by Anthony Cirelli.
6:32 of 3rd period - Shot Misses the Net.
6:40 of 3rd period - Christian Dvorak is hit by Garnet Hathaway and loses puck.
7:04 of 3rd period - Icing by Ethan Bear.
7:05 of 3rd period - Matty Beniers wins face-off versus Mark Jankowski in Jets zone.
7:18 of 3rd period - Shot by Matty Beniers.
7:18 of 3rd period - Stopped by Darcy Kuemper without a rebound.
7:19 of 3rd period - Joel Eriksson Ek wins face-off versus Joe Veleno in Jets zone.
7:40 of 3rd period - Shot by David Gustafsson.
7:40 of 3rd period - Shot Misses the Net.
8:04 of 3rd period - Icing by David Gustafsson.
8:05 of 3rd period - Joe Veleno wins face-off versus Andrew Copp in Jets zone.
9:35 of 3rd period - Shot by Pius Suter.
9:35 of 3rd period - Stopped by Darcy Kuemper without a rebound.
9:36 of 3rd period - Mark Jankowski wins face-off versus Anthony Cirelli in Jets zone.
9:36 of 3rd period - Mark Jankowski is hit by Anthony Cirelli.
10:03 of 3rd period - Icing by Connor Murphy.
10:04 of 3rd period - Mark Jankowski wins face-off versus Scott Laughton in Jets zone.
10:04 of 3rd period - Mark Jankowski is hit by Scott Laughton.
10:25 of 3rd period - Icing by Connor Murphy.
10:26 of 3rd period - Mark Jankowski wins face-off versus Christian Dvorak in Jets zone.
10:26 of 3rd period - Mark Jankowski is hit by Anthony Cirelli.
10:59 of 3rd period - Christian Dvorak is hit by Hampus Lindholm and loses puck.
11:06 of 3rd period - Shot by Anthony Cirelli.
11:06 of 3rd period - Shot Blocked by Torey Krug.
11:58 of 3rd period - Shot by Luke Glendening.
11:58 of 3rd period - Stopped by Darcy Kuemper without a rebound.
11:59 of 3rd period - Gustav Nyquist wins face-off versus Andrew Copp in Jets zone.
13:03 of 3rd period - Shot by Mark Jankowski.
13:03 of 3rd period - Deflect By Thomas Novak.
13:03 of 3rd period - Stopped by Semyon Varlamov without a rebound.
13:04 of 3rd period - Joel Eriksson Ek wins face-off versus Joe Veleno in Senators zone.
13:04 of 3rd period - Joel Eriksson Ek is hit by Joe Veleno.
13:22 of 3rd period - Off-side.
13:23 of 3rd period - Mark Jankowski wins face-off versus Pius Suter in neutral zone.
13:36 of 3rd period - Shot by Luke Glendening.
13:36 of 3rd period - Stopped by Darcy Kuemper without a rebound.
13:37 of 3rd period - Nick Schmaltz wins face-off versus Joel Eriksson Ek in Jets zone.
14:02 of 3rd period - Shot by Andre Burakovsky.
14:02 of 3rd period - Shot Misses the Net.
14:04 of 3rd period - Shot by Oliver Bjorkstrand.
14:04 of 3rd period - Deflect By Nick Schmaltz.
14:04 of 3rd period - Shot Misses the Net.
14:20 of 3rd period - Shot by K'Andre Miller.
14:20 of 3rd period - Stopped by Darcy Kuemper without a rebound.
14:21 of 3rd period - Christian Dvorak wins face-off versus Gustav Nyquist in Jets zone.
14:36 of 3rd period - Anthony Cirelli is hit by Garnet Hathaway.
14:51 of 3rd period - Icing by Christian Dvorak.
14:52 of 3rd period - Christian Dvorak wins face-off versus Mark Jankowski in Senators zone.
15:15 of 3rd period - Christian Dvorak is hit by Ethan Bear and loses puck.
16:18 of 3rd period - Shot by Oliver Bjorkstrand.
16:18 of 3rd period - Goal by Oliver Bjorkstrand - Senators : 0 - Jets : 2.
16:19 of 3rd period - Joel Eriksson Ek wins face-off versus Gustav Nyquist in neutral zone.
16:28 of 3rd period - Off-side.
16:29 of 3rd period - Joe Veleno wins face-off versus Andrew Copp in neutral zone.
17:28 of 3rd period - Joel Eriksson Ek is hit by Kieffer Bellows and loses puck.
18:07 of 3rd period - Icing by Scott Laughton.
18:08 of 3rd period - Gustav Nyquist wins face-off versus Joel Eriksson Ek in Senators zone.
18:11 of 3rd period - Shot by Gustav Nyquist.
18:11 of 3rd period - Deflect By Andreas Athanasiou.
18:11 of 3rd period - Shot Blocked by Noah Hanifin.
18:13 of 3rd period - Shot by Gustav Nyquist.
18:13 of 3rd period - Stopped by Semyon Varlamov without a rebound.
18:14 of 3rd period - Gustav Nyquist wins face-off versus Christian Dvorak in Senators zone.
18:20 of 3rd period - Icing by Anthony Cirelli.
18:21 of 3rd period - Christian Dvorak wins face-off versus Gustav Nyquist in Senators zone.
18:37 of 3rd period - Off-side.
18:38 of 3rd period - Nick Schmaltz wins face-off versus Pius Suter in neutral zone.
18:48 of 3rd period - Icing by Pius Suter.
18:49 of 3rd period - Luke Glendening wins face-off versus Gustav Nyquist in Senators zone.
18:54 of 3rd period - Shot by Brock McGinn.
18:54 of 3rd period - Shot Misses the Net.
19:12 of 3rd period - Shot by Gustav Nyquist.
19:12 of 3rd period - Stopped by Semyon Varlamov without a rebound.
19:13 of 3rd period - Tomas Tatar wins face-off versus Nick Schmaltz in Senators zone.
19:26 of 3rd period - Shot by K'Andre Miller.
19:26 of 3rd period - Shot Blocked by Oliver Bjorkstrand.
19:34 of 3rd period - Shot by Nick Schmaltz.
19:34 of 3rd period - Shot Misses the Net.
19:40 of 3rd period - Shot by Tomas Tatar.
19:40 of 3rd period - Shot Blocked by Nate Schmidt.
19:52 of 3rd period - Shot by Anthony Cirelli.
19:52 of 3rd period - Stopped by Darcy Kuemper without a rebound.
19:53 of 3rd period - Luke Glendening wins face-off versus Gustav Nyquist in Jets zone.
Goals for this period are 0 for Senators vs 1 for Jets.
Shots for this period are 7 for Senators vs 9 for Jets.